AoeStats
← Actiweed1

African Clearing

510304646Analyzed
4v4 RM · 14h ago on Sep 30, 2026· 55m 6s· 8 players
Game mode
Random Map
Map size
Large (8 player)
Population
200
Speed
Normal
Resources
Standard
Victory
Conquest
Starting age
Dark Age
Ending age
Imperial Age
RankedLock teamsTeams togetherTeam positionsShared explorationLock speedFull tech treeHidden civsTurbo modeCheats
Victory
Defeat
🇫🇷 Franks · France
1000
+10
🇫🇷 Vietnamese · France
887
+14
🇫🇷 Cumans · France
821
+17
🇫🇷 Gurjaras · France
740
+19
🇮🇹 Georgians · Italy
874
-30
🇮🇳 Danes · India
863
-16
🇪🇸 Britons · Spain
818
-14
🇷🇴 Portuguese · Romania
813
-14
Actiweed1
4:28 Loom
15:55 Feudal Age
17:23 Wheelbarrow
16:34 Town Watch
16:36 Double-Bit Axe
16:34 Horse Collar
19:14 Bloodlines
21:22 Forging
22:27 Scale Barding Armor
27:10 Castle Age
29:26 Hand Cart
29:24 Bow Saw
29:19 Heavy Plow
29:48 Chain Barding Armor
29:50 Husbandry
30:50 Gold Mining
30:50 Stone Mining
33:14 Iron Casting
39:30 Imperial Age
37:15 Fortified Wall
40:51 Plate Barding Armor
39:43 Cavalier
40:59 Masonry
40:45 Murder Holes
41:14 Ballistics
40:44 Heated Shot
44:25 Two-Man Saw
43:58 Crop Rotation
44:50 Scale Mail Armor
45:37 Town Patrol
46:31 Elite Battle Elephant
49:02 Chatras
51:50 Chemistry
50:44 Fletching
54:32 Paper Money
XxAlexyzFxX42
4:24 Loom
15:43 Feudal Age
18:35 Double-Bit Axe
22:43 Bloodlines
26:47 Fletching
29:32 Padded Archer Armor
31:47 Castle Age
31:38 Gold Mining
31:39 Stone Mining
33:03 Wheelbarrow
33:33 Bow Saw
36:18 Bodkin Arrow
36:55 Horse Collar
38:41 Stone Shaft Mining
40:01 Leather Archer Armor
43:36 Forging
43:27 Scale Mail Armor
44:28 Heavy Plow
46:33 Hand Cart
49:47 Imperial Age
48:35 Husbandry
49:47 Hand Cart
49:54 Heavy Camel Rider
49:54 Elite Shrivamsha Rider
51:15 Iron Casting
50:55 Caravan
52:12 Gold Shaft Mining
52:12 Crop Rotation
53:21 Scale Barding Armor
53:17 Bracer
BASTOSFOUFOU94
3:33 Loom
14:09 Feudal Age
25:32 Bloodlines
29:00 Wheelbarrow
30:58 Castle Age
33:05 Scale Barding Armor
37:30 Double-Bit Axe
38:43 Scale Mail Armor
38:28 Horse Collar
38:18 Pikeman
38:39 Capped Ram
41:12 Stone Mining
41:12 Gold Mining
41:32 Caravan
42:02 Coinage
42:46 Wheelbarrow
42:45 Crossbowman
44:45 Hand Cart
44:30 Gold Mining
50:11 Imperial Age
48:19 Bow Saw
47:59 Town Watch
50:09 Chain Barding Armor
49:50 Padded Archer Armor
49:41 Fletching
50:07 Chain Mail Armor
50:02 Forging
50:47 Thumb Ring
50:02 Elite Skirmisher
50:52 Elite Steppe Lancer
51:35 Steppe Husbandry
52:32 Heavy Plow
52:37 Town Patrol
53:17 Gold Shaft Mining
53:14 Banking
52:42 Murder Holes
53:09 Ballistics
53:00 Careening
53:14 Sanctity
52:54 Devotion
52:50 Herbal Medicine
53:06 Fervor
52:56 Atonement
54:03 Hoardings
55:18 Two-Man Saw
55:40 Crop Rotation
55:27 Leather Archer Armor
55:08 Bodkin Arrow
55:48 Iron Casting
55:44 Plate Mail Armor
55:49 Plate Barding Armor
55:06 Halberdier
55:46 Squires
Snake34
3:40 Loom
12:58 Feudal Age
22:54 Castle Age
21:21 Double-Bit Axe
21:27 Gold Mining
21:51 Forging
23:33 Scale Barding Armor
26:06 Bow Saw
27:03 Husbandry
32:51 Chain Barding Armor
36:09 Wheelbarrow
42:58 Imperial Age
41:42 Iron Casting
43:29 Hand Cart
43:00 Town Watch
43:05 Cavalier
44:32 Plate Barding Armor
44:58 Blast Furnace
44:43 Fletching
44:32 Paladin
47:25 Conscription
manick0508
19:06 Feudal Age
26:34 Castle Age
38:40 Scale Barding Armor
38:56 Horse Collar
43:44 Chain Barding Armor
44:46 Pikeman
Killing Strike
8:19 Loom
19:17 Feudal Age
24:08 Castle Age
36:44 Horse Collar
36:59 Double-Bit Axe
40:15 Imperial Age
41:21 Hamask
41:22 Elite Jomsviking
45:44 Wheelbarrow
45:39 Heavy Plow
45:51 Bow Saw
45:34 Gold Mining
45:35 Stone Mining
47:49 Forging
47:39 Scale Mail Armor
47:03 Elite Skirmisher
52:35 Iron Casting
52:16 Chain Mail Armor
Laserotron
17:16 Feudal Age
18:36 Wheelbarrow
17:42 Horse Collar
18:06 Gold Mining
18:40 Double-Bit Axe
19:23 Stone Mining
26:02 Castle Age
25:51 Loom
27:36 Bow Saw
27:57 Heavy Plow
37:00 Stone Shaft Mining
yenejaque
16:38 Feudal Age
17:03 Loom
20:44 Man-at-Arms
21:43 Fletching
22:47 Forging
23:16 Scale Mail Armor
37:37 Castle Age
Connection lost

Rejoining the realm…

Still unreachable

The connection could not be restored.

Session expired

The server has moved on; the page needs a fresh start.